[ PARTIDA AOE2 · #465442227 ]
UnrankedBritanos vs Italians
[ ANÁLISIS DE REPETICIÓN · EXTRAÍDO DE LA PARTIDA GRABADA ]
Feudal
—
Castillos
—
Imperial
—
| APM promedio | 10.7 |
| APM pico | 55 |
| eAPM promedio | 7.1 |
| Aldeanos / militares | 111 / 125 |
Foco
⚔️ 18.1% · 🌾 81.9%
Longbowman ×117 · Trade Cart ×14 · Trebuchet (Packed) ×5 · Monk ×3
Feudal
—
Castillos
—
Imperial
—
| APM promedio | 5.3 |
| APM pico | 18 |
| eAPM promedio | 4.9 |
| Aldeanos / militares | 41 / 62 |
Foco
⚔️ 38.8% · 🌾 61.2%
Scout Cavalry ×14 · Archer ×13 · Skirmisher ×10 · Knight ×9 · Unknown (882) ×5 · Militia ×4
Feudal
—
Castillos
—
Imperial
—
| APM promedio | 9.9 |
| APM pico | 36 |
| eAPM promedio | 8.2 |
| Aldeanos / militares | 64 / 103 |
Foco
⚔️ 38.3% · 🌾 61.7%
Skirmisher ×72 · Spearman ×16 · Cataphract ×7 · Monk ×4 · Trebuchet (Packed) ×4
Feudal
—
Castillos
—
Imperial
—
| APM promedio | 10.1 |
| APM pico | 23 |
| eAPM promedio | 8.3 |
| Aldeanos / militares | 78 / 77 |
Foco
⚔️ 31.8% · 🌾 68.2%
Scorpion ×61 · Archer ×12 · Trade Cart ×11 · Monk ×2 · Militia ×1 · Trebuchet (Packed) ×1
Mapa de la partida
Recursos iniciales + cada clic de construcción. Líneas = muros · curvas = relieve. ◆ oro · ⬟ piedra · ● bayas · ✦ reliquia · ◌ hueco del cierre
Tu base· Abierta — flanco sin cerrar
Base de luis_14_mota· Abierta — flanco sin cerrar
Base de biotimstein· Abierta — flanco sin cerrar
Base de RoxFromHell· Abierta — flanco sin cerrar
Terreno inicial suavizado · ◌ = hueco del cierre detectado · pasá el cursor para detalles
Inputs por minuto
— jorgeluis s - - luis_14_mota
Build order — jorgeluis s
Primeras 150 de 233 acciones detectadas
| 0:03 | Crear | Villager (Male) ×4 |
| 0:06 | Construir | House |
| 0:11 | Construir | House |
| 1:40 | Crear | Villager (Male) |
| 2:08 | Crear | Villager (Male) |
| 2:22 | Crear | Villager (Male) |
| 2:43 | Crear | Villager (Male) |
| 3:12 | Crear | Villager (Male) |
| 3:42 | Crear | Villager (Male) |
| 3:57 | Construir | House |
| 4:12 | Crear | Villager (Male) |
| 4:23 | Construir | Mill |
| 4:30 | Crear | Villager (Male) |
| 4:30 | Crear | Villager (Male) |
| 4:49 | Construir | House |
| 4:50 | Construir | House |
| 4:52 | Construir | House |
| 4:56 | Crear | Villager (Male) |
| 5:42 | Investigar | Loom |
| 6:06 | Crear | Villager (Male) |
| 6:07 | Crear | Villager (Male) |
| 7:04 | Crear | Villager (Male) |
| 7:05 | Crear | Villager (Male) |
| 8:03 | Crear | Villager (Male) |
| 8:04 | Crear | Villager (Male) |
| 8:39 | Construir | Lumber Camp |
| 8:46 | Crear | Villager (Male) |
| 8:46 | Crear | Villager (Male) |
| 9:51 | Crear | Villager (Male) |
| 10:04 | Investigar | Feudal Age |
| 10:14 | Construir | Mill |
| 10:25 | Construir | Farm |
| 10:27 | Construir | Farm |
| 10:29 | Construir | Farm |
| 10:31 | Construir | Farm |
| 10:32 | Construir | Farm |
| 12:14 | Crear | Villager (Male) ×5 |
| 12:28 | Investigar | Double-Bit Axe |
| 12:50 | Construir | Farm |
| 12:57 | Construir | Farm |
| 13:34 | Crear | Villager (Male) ×5 |
| 13:53 | Construir | Mining Camp |
| 14:31 | Investigar | Gold Mining |
| 14:38 | Construir | House |
| 14:39 | Construir | House |
| 14:43 | Construir | House |
| 14:44 | Construir | House |
| 14:47 | Construir | House |
| 14:49 | Construir | House |
| 14:50 | Construir | House |
| 14:54 | Construir | House |
| 14:59 | Construir | House |
| 15:00 | Construir | House |
| 15:06 | Crear | Villager (Male) |
| 15:54 | Construir | Market |
| 16:05 | Construir | Blacksmith |
| 16:17 | Construir | Farm |
| 16:23 | Construir | Farm |
| 16:31 | Construir | Farm |
| 16:37 | Construir | Farm |
| 16:50 | Construir | Farm |
| 17:09 | Crear | Villager (Male) ×5 |
| 17:45 | Construir | Mining Camp |
| 18:02 | Investigar | Castle Age |
| 18:10 | Investigar | Fletching |
| 18:12 | Investigar | Padded Archer Armor |
| 18:29 | Construir | Farm |
| 18:31 | Construir | Farm |
| 18:32 | Construir | Farm |
| 18:33 | Construir | Farm |
| 18:39 | Investigar | Stone Mining |
| 19:24 | Construir | House |
| 19:27 | Construir | House |
| 20:13 | Investigar | Horse Collar |
| 22:00 | Construir | Town Center |
| 22:09 | Construir | Town Center |
| 22:15 | Crear | Villager (Male) |
| 22:15 | Crear | Villager (Male) |
| 22:16 | Crear | Villager (Male) |
| 22:17 | Crear | Villager (Male) |
| 22:32 | Investigar | Bodkin Arrow |
| 22:33 | Investigar | Leather Archer Armor |
| 22:45 | Construir | Monastery |
| 22:49 | Crear | Villager (Male) ×5 |
| 23:04 | Crear | Villager (Male) ×5 |
| 23:22 | Construir | Mining Camp |
| 23:53 | Crear | Villager (Male) |
| 23:53 | Crear | Villager (Male) |
| 23:58 | Crear | Villager (Male) |
| 23:59 | Crear | Villager (Male) |
| 24:03 | Crear | Monk |
| 24:03 | Crear | Monk |
| 24:03 | Crear | Monk |
| 24:22 | Construir | Castle |
| 24:40 | Crear | Villager (Male) ×5 |
| 25:12 | Construir | Mining Camp |
| 25:28 | Construir | University |
| 25:34 | Crear | Villager (Male) |
| 25:34 | Crear | Villager (Male) |
| 25:34 | Crear | Villager (Male) |
| 25:51 | Crear | Villager (Male) |
| 25:51 | Crear | Villager (Male) |
| 25:54 | Crear | Villager (Male) |
| 25:55 | Crear | Villager (Male) |
| 25:56 | Crear | Villager (Male) |
| 26:37 | Crear | Villager (Male) |
| 26:37 | Crear | Villager (Male) |
| 26:44 | Crear | Longbowman ×5 |
| 27:05 | Investigar | Bow Saw |
| 27:11 | Crear | Villager (Male) |
| 27:12 | Crear | Villager (Male) |
| 27:12 | Crear | Villager (Male) |
| 27:15 | Crear | Villager (Male) |
| 27:15 | Crear | Villager (Male) |
| 27:16 | Crear | Villager (Male) |
| 27:21 | Crear | Villager (Male) |
| 27:28 | Construir | Farm |
| 28:00 | Crear | Villager (Male) |
| 28:00 | Crear | Villager (Male) |
| 28:05 | Crear | Villager (Male) |
| 28:09 | Crear | Villager (Male) |
| 28:14 | Construir | Farm |
| 28:18 | Crear | Longbowman ×5 |
| 28:23 | Construir | Farm |
| 28:50 | Investigar | Ballistics |
| 28:56 | Construir | Farm |
| 29:08 | Construir | Farm |
| 29:26 | Construir | Mining Camp |
| 29:34 | Crear | Villager (Male) |
| 29:34 | Crear | Villager (Male) |
| 29:34 | Crear | Villager (Male) |
| 29:37 | Crear | Villager (Male) |
| 29:38 | Crear | Villager (Male) |
| 29:38 | Crear | Villager (Male) |
| 29:42 | Crear | Longbowman ×5 |
| 29:49 | Crear | Villager (Male) |
| 29:50 | Crear | Villager (Male) |
| 29:50 | Crear | Villager (Male) |
| 29:51 | Crear | Villager (Male) |
| 29:52 | Crear | Villager (Male) |
| 30:15 | Construir | Farm |
| 30:19 | Crear | Villager (Male) |
| 30:19 | Crear | Villager (Male) |
| 30:19 | Crear | Villager (Male) |
| 30:37 | Construir | Farm |
| 30:49 | Construir | House |
| 30:51 | Construir | House |
| 30:55 | Construir | House |
| 31:05 | Construir | House |
| 31:06 | Construir | House |
Build order — luis_14_mota
Primeras 150 de 192 acciones detectadas
| 0:05 | Crear | Villager (Male) |
| 0:05 | Crear | Villager (Male) |
| 0:05 | Crear | Villager (Male) |
| 0:05 | Crear | Villager (Male) |
| 0:36 | Construir | Mill |
| 1:05 | Construir | House |
| 1:27 | Construir | Farm |
| 2:20 | Construir | Farm |
| 3:09 | Crear | Villager (Male) |
| 3:35 | Construir | Farm |
| 4:09 | Crear | Villager (Male) |
| 4:35 | Construir | Farm |
| 4:47 | Crear | Villager (Male) |
| 4:59 | Construir | House |
| 5:08 | Construir | House |
| 5:56 | Crear | Villager (Male) |
| 6:34 | Construir | Farm |
| 6:52 | Crear | Villager (Male) |
| 6:54 | Crear | Villager (Male) |
| 7:22 | Construir | Lumber Camp |
| 7:40 | Crear | Villager (Male) |
| 8:52 | Construir | Farm |
| 9:16 | Construir | Farm |
| 9:59 | Crear | Villager (Male) |
| 10:39 | Construir | Farm |
| 11:35 | Investigar | Feudal Age |
| 13:13 | Construir | Barracks |
| 13:22 | Crear | Villager (Male) |
| 13:22 | Crear | Villager (Male) |
| 13:27 | Crear | Villager (Male) |
| 13:29 | Crear | Villager (Male) |
| 13:46 | Investigar | Horse Collar |
| 14:05 | Investigar | Double-Bit Axe |
| 14:44 | Construir | Farm |
| 15:05 | Construir | Farm |
| 15:28 | Investigar | Wheelbarrow |
| 16:01 | Construir | Mining Camp |
| 16:43 | Crear | Villager (Male) |
| 16:45 | Crear | Villager (Male) |
| 17:03 | Construir | House |
| 17:13 | Construir | House |
| 17:48 | Crear | Villager (Male) |
| 17:48 | Crear | Villager (Male) |
| 17:53 | Investigar | Loom |
| 18:46 | Investigar | Gold Mining |
| 19:26 | Construir | Archery Range |
| 19:35 | Construir | Stable |
| 19:50 | Crear | Villager (Male) |
| 19:55 | Crear | Villager (Male) |
| 20:47 | Construir | Blacksmith |
| 21:34 | Construir | Stable |
| 21:59 | Investigar | Castle Age |
| 22:23 | Construir | Farm |
| 22:49 | Crear | Villager (Male) |
| 22:50 | Crear | Villager (Male) |
| 22:50 | Crear | Villager (Male) |
| 23:02 | Construir | House |
| 23:07 | Construir | House |
| 23:30 | Construir | House |
| 23:57 | Investigar | Bloodlines |
| 24:04 | Crear | Archer |
| 24:04 | Crear | Archer |
| 24:06 | Crear | Skirmisher |
| 24:07 | Crear | Skirmisher |
| 24:11 | Investigar | Man-at-Arms (upgrade) |
| 24:37 | Investigar | Stone Mining |
| 24:46 | Investigar | Heavy Plow |
| 24:54 | Investigar | Bow Saw |
| 25:28 | Crear | Villager (Male) |
| 25:28 | Crear | Villager (Male) |
| 25:46 | Construir | Siege Workshop |
| 26:17 | Construir | House |
| 26:21 | Construir | House |
| 26:26 | Construir | House |
| 26:55 | Construir | University |
| 27:04 | Construir | Farm |
| 27:11 | Crear | Villager (Male) |
| 27:12 | Crear | Villager (Male) |
| 27:15 | Investigar | Hand Cart |
| 27:48 | Construir | Farm |
| 28:25 | Crear | Villager (Male) |
| 28:25 | Crear | Villager (Male) |
| 29:36 | Construir | Farm |
| 29:57 | Construir | Mining Camp |
| 30:26 | Investigar | Imperial Age |
| 30:51 | Investigar | Town Watch |
| 30:55 | Crear | Villager (Male) |
| 30:59 | Crear | Villager (Male) |
| 31:14 | Investigar | Arson |
| 31:30 | Investigar | Squires |
| 32:26 | Investigar | Husbandry |
| 32:28 | Investigar | Light Cavalry (upgrade) |
| 33:03 | Construir | House |
| 33:09 | Construir | House |
| 33:26 | Investigar | Stone Shaft Mining |
| 33:45 | Investigar | Crop Rotation |
| 34:35 | Construir | Farm |
| 34:46 | Investigar | Crossbowman (upgrade) |
| 34:48 | Investigar | Elite Skirmisher (upgrade) |
| 35:08 | Construir | Farm |
| 35:17 | Crear | Villager (Male) |
| 35:17 | Crear | Villager (Male) |
| 35:18 | Crear | Villager (Male) |
| 35:20 | Crear | Villager (Male) |
| 36:04 | Investigar | Cavalier (upgrade) |
| 36:06 | Crear | Knight |
| 36:37 | Construir | Mill |
| 36:44 | Construir | Farm |
| 37:09 | Crear | Villager (Male) |
| 37:09 | Crear | Villager (Male) |
| 37:24 | Construir | House |
| 37:29 | Construir | House |
| 38:22 | Construir | Watch Tower |
| 38:32 | Construir | Watch Tower |
| 38:46 | Construir | Farm |
| 38:56 | Investigar | Pikeman (upgrade) |
| 38:57 | Investigar | Long Swordsman (upgrade) |
| 38:59 | Crear | Militia |
| 38:59 | Crear | Militia |
| 39:00 | Crear | Spearman |
| 39:00 | Crear | Spearman |
| 39:01 | Crear | Unit 882 |
| 39:01 | Crear | Unit 882 |
| 39:04 | Investigar | Arbalester (upgrade) |
| 39:26 | Crear | Villager (Male) |
| 39:44 | Crear | Scorpion |
| 39:47 | Crear | Scorpion |
| 40:04 | Construir | Farm |
| 40:20 | Crear | Knight |
| 40:21 | Crear | Knight |
| 40:21 | Crear | Knight |
| 40:26 | Investigar | Thumb Ring |
| 40:30 | Crear | Archer |
| 40:30 | Crear | Archer |
| 40:31 | Crear | Skirmisher |
| 40:31 | Crear | Skirmisher |
| 40:32 | Crear | Cavalry Archer |
| 40:32 | Crear | Cavalry Archer |
| 40:36 | Crear | Unit 882 |
| 42:19 | Investigar | Hussar (upgrade) |
| 42:23 | Crear | Scout Cavalry |
| 42:24 | Crear | Scout Cavalry |
| 42:24 | Crear | Scout Cavalry |
| 42:25 | Crear | Knight |
| 42:25 | Crear | Knight |
| 42:37 | Crear | Skirmisher |
| 42:37 | Crear | Skirmisher |
| 42:38 | Crear | Skirmisher |
| 42:38 | Crear | Skirmisher |
| 43:01 | Crear | Archer |
Build order — biotimstein
Primeras 150 de 261 acciones detectadas
| 0:05 | Crear | Villager (Male) |
| 0:06 | Crear | Villager (Male) |
| 0:08 | Construir | House |
| 0:11 | Construir | House |
| 0:40 | Crear | Villager (Male) |
| 1:21 | Crear | Villager (Male) |
| 1:39 | Crear | Villager (Male) |
| 1:54 | Construir | Lumber Camp |
| 2:07 | Crear | Villager (Male) |
| 3:02 | Crear | Villager (Male) |
| 3:52 | Crear | Villager (Male) |
| 4:28 | Construir | House |
| 4:32 | Crear | Villager (Male) |
| 4:35 | Crear | Villager (Male) |
| 5:16 | Construir | Mill |
| 5:35 | Crear | Villager (Male) |
| 5:38 | Crear | Villager (Male) |
| 6:13 | Crear | Villager (Male) |
| 6:57 | Crear | Villager (Male) |
| 7:42 | Crear | Villager (Male) |
| 8:16 | Construir | Barracks |
| 8:44 | Investigar | Feudal Age |
| 9:21 | Construir | House |
| 9:47 | Construir | House |
| 10:26 | Construir | Farm |
| 10:28 | Construir | Farm |
| 10:34 | Construir | Farm |
| 10:38 | Construir | Farm |
| 11:01 | Crear | Villager (Male) |
| 11:01 | Crear | Villager (Male) |
| 11:13 | Investigar | Double-Bit Axe |
| 11:30 | Construir | Mining Camp |
| 11:39 | Construir | Farm |
| 11:41 | Crear | Villager (Male) |
| 12:12 | Crear | Villager (Male) |
| 12:25 | Construir | Blacksmith |
| 12:30 | Crear | Villager (Male) |
| 12:43 | Construir | House |
| 12:58 | Crear | Villager (Male) |
| 13:11 | Crear | Villager (Male) |
| 13:19 | Construir | Farm |
| 13:43 | Construir | Stable |
| 13:52 | Construir | Farm |
| 13:54 | Crear | Villager (Male) |
| 14:33 | Construir | Archery Range |
| 14:39 | Crear | Villager (Male) |
| 14:49 | Investigar | Wheelbarrow |
| 15:07 | Crear | Spearman |
| 15:07 | Crear | Spearman |
| 15:16 | Construir | Farm |
| 15:21 | Construir | Farm |
| 15:50 | Construir | Mining Camp |
| 16:11 | Construir | Farm |
| 16:25 | Crear | Villager (Male) |
| 16:54 | Construir | Farm |
| 17:00 | Crear | Villager (Male) |
| 17:34 | Crear | Spearman |
| 17:34 | Crear | Spearman |
| 17:49 | Construir | Farm |
| 17:52 | Investigar | Castle Age |
| 18:21 | Investigar | Scale Mail Armor |
| 18:57 | Crear | Skirmisher |
| 18:57 | Crear | Skirmisher |
| 19:10 | Construir | Farm |
| 19:22 | Construir | House |
| 19:36 | Construir | House |
| 20:26 | Crear | Spearman |
| 20:31 | Crear | Skirmisher |
| 20:31 | Crear | Skirmisher |
| 20:51 | Construir | Town Center |
| 21:00 | Crear | Villager (Male) |
| 21:00 | Crear | Villager (Male) |
| 21:02 | Crear | Villager (Male) |
| 21:05 | Investigar | Bow Saw |
| 21:10 | Investigar | Gold Mining |
| 21:12 | Investigar | Stone Mining |
| 21:34 | Construir | Farm |
| 21:36 | Investigar | Horse Collar |
| 21:48 | Crear | Villager (Male) |
| 22:00 | Construir | Monastery |
| 22:46 | Crear | Villager (Male) |
| 22:46 | Crear | Villager (Male) |
| 22:46 | Crear | Villager (Male) |
| 22:57 | Crear | Monk |
| 23:21 | Crear | Villager (Male) |
| 23:21 | Crear | Villager (Male) |
| 23:21 | Crear | Villager (Male) |
| 23:32 | Crear | Villager (Male) |
| 23:32 | Crear | Villager (Male) |
| 23:41 | Crear | Spearman |
| 23:44 | Investigar | Squires |
| 23:52 | Investigar | Forging |
| 24:15 | Construir | House |
| 24:50 | Crear | Monk |
| 25:05 | Construir | Castle |
| 25:16 | Crear | Villager (Male) |
| 25:16 | Crear | Villager (Male) |
| 25:16 | Crear | Villager (Male) |
| 25:18 | Crear | Villager (Male) |
| 25:18 | Crear | Villager (Male) |
| 25:39 | Construir | House |
| 25:43 | Construir | House |
| 25:44 | Construir | House |
| 25:45 | Construir | House |
| 25:46 | Construir | House |
| 26:15 | Investigar | Elite Skirmisher (upgrade) |
| 26:43 | Crear | Skirmisher |
| 26:43 | Crear | Skirmisher |
| 26:47 | Investigar | Pikeman (upgrade) |
| 26:48 | Crear | Spearman |
| 26:48 | Crear | Spearman |
| 27:10 | Construir | Mining Camp |
| 27:38 | Crear | Cataphract |
| 27:38 | Crear | Cataphract |
| 27:38 | Crear | Cataphract |
| 27:47 | Crear | Skirmisher |
| 27:47 | Crear | Skirmisher |
| 27:48 | Investigar | Thumb Ring |
| 27:53 | Investigar | Padded Archer Armor |
| 27:56 | Investigar | Fletching |
| 28:00 | Investigar | Chain Mail Armor |
| 28:08 | Crear | Villager (Male) |
| 28:08 | Crear | Villager (Male) |
| 28:10 | Crear | Villager (Male) |
| 28:15 | Construir | Farm |
| 28:38 | Construir | Lumber Camp |
| 28:51 | Crear | Villager (Male) |
| 28:51 | Crear | Villager (Male) |
| 28:58 | Crear | Villager (Male) |
| 28:58 | Crear | Villager (Male) |
| 29:16 | Construir | House |
| 29:38 | Crear | Cataphract |
| 29:38 | Crear | Cataphract |
| 30:01 | Construir | Market |
| 30:06 | Investigar | Stone Shaft Mining |
| 30:11 | Investigar | Gold Shaft Mining |
| 30:21 | Construir | Farm |
| 30:26 | Construir | Farm |
| 30:30 | Crear | Villager (Male) |
| 30:30 | Crear | Villager (Male) |
| 30:30 | Crear | Villager (Male) |
| 30:55 | Investigar | Heavy Plow |
| 31:00 | Construir | Farm |
| 31:23 | Investigar | Leather Archer Armor |
| 31:30 | Construir | Farm |
| 31:44 | Construir | Farm |
| 31:52 | Construir | Farm |
| 32:10 | Investigar | Imperial Age |
| 32:21 | Investigar | Hand Cart |
| 32:29 | Construir | Farm |
Build order — RoxFromHell
Primeras 150 de 282 acciones detectadas
| 0:08 | Construir | House |
| 0:09 | Crear | Villager (Male) |
| 0:10 | Investigar | Loom |
| 0:10 | Crear | Villager (Male) |
| 0:11 | Crear | Villager (Male) |
| 0:11 | Crear | Villager (Male) |
| 0:25 | Construir | House |
| 0:51 | Construir | House |
| 0:56 | Construir | House |
| 0:57 | Construir | House |
| 1:01 | Construir | House |
| 1:55 | Crear | Villager (Male) |
| 2:35 | Crear | Villager (Male) |
| 3:23 | Crear | Villager (Male) |
| 3:25 | Crear | Villager (Male) |
| 3:58 | Crear | Villager (Male) |
| 4:00 | Crear | Villager (Male) |
| 4:36 | Crear | Villager (Male) |
| 5:05 | Crear | Villager (Male) |
| 5:17 | Crear | Villager (Male) |
| 5:59 | Construir | Mill |
| 6:18 | Crear | Villager (Male) |
| 6:26 | Crear | Villager (Male) |
| 7:28 | Construir | Lumber Camp |
| 7:31 | Crear | Villager (Male) |
| 7:32 | Crear | Villager (Male) |
| 7:55 | Crear | Villager (Male) |
| 8:42 | Crear | Villager (Male) |
| 10:18 | Investigar | Feudal Age |
| 10:55 | Construir | Barracks |
| 11:45 | Construir | Farm |
| 11:46 | Construir | Farm |
| 11:48 | Construir | Farm |
| 11:55 | Construir | Farm |
| 12:02 | Crear | Villager (Male) |
| 12:02 | Crear | Villager (Male) |
| 12:02 | Crear | Villager (Male) |
| 12:03 | Crear | Villager (Male) |
| 12:03 | Crear | Villager (Male) |
| 12:03 | Crear | Villager (Male) |
| 12:04 | Crear | Villager (Male) |
| 12:04 | Crear | Villager (Male) |
| 12:29 | Construir | Farm |
| 12:35 | Construir | Farm |
| 13:03 | Construir | Mining Camp |
| 13:21 | Construir | Archery Range |
| 13:22 | Construir | Archery Range |
| 13:39 | Investigar | Horse Collar |
| 14:48 | Construir | Blacksmith |
| 15:00 | Construir | House |
| 15:14 | Crear | Villager (Male) |
| 15:15 | Crear | Villager (Male) |
| 15:16 | Crear | Villager (Male) |
| 15:16 | Crear | Villager (Male) |
| 15:52 | Construir | Market |
| 15:58 | Crear | Villager (Male) |
| 16:07 | Investigar | Double-Bit Axe |
| 16:53 | Crear | Archer |
| 16:53 | Crear | Archer |
| 16:53 | Crear | Archer |
| 16:54 | Crear | Archer |
| 16:54 | Crear | Archer |
| 16:54 | Crear | Archer |
| 17:10 | Construir | House |
| 17:11 | Construir | House |
| 17:12 | Construir | House |
| 17:15 | Construir | House |
| 17:17 | Construir | House |
| 18:58 | Crear | Villager (Male) |
| 19:00 | Crear | Villager (Male) |
| 19:00 | Investigar | Castle Age |
| 19:47 | Construir | Farm |
| 19:54 | Construir | Farm |
| 19:56 | Construir | Farm |
| 19:58 | Construir | Farm |
| 20:00 | Construir | Farm |
| 20:01 | Construir | Farm |
| 20:03 | Construir | Farm |
| 20:27 | Construir | Mining Camp |
| 20:49 | Investigar | Forging |
| 20:52 | Investigar | Padded Archer Armor |
| 21:26 | Crear | Trade Cart |
| 21:27 | Crear | Trade Cart |
| 21:27 | Crear | Trade Cart |
| 21:27 | Crear | Trade Cart |
| 21:28 | Crear | Trade Cart |
| 21:28 | Crear | Trade Cart |
| 22:29 | Crear | Villager (Male) |
| 22:29 | Crear | Villager (Male) |
| 22:29 | Crear | Villager (Male) |
| 22:29 | Crear | Villager (Male) |
| 22:30 | Crear | Villager (Male) |
| 22:30 | Crear | Villager (Male) |
| 22:30 | Crear | Villager (Male) |
| 23:08 | Construir | Town Center |
| 23:20 | Crear | Villager (Male) |
| 24:21 | Construir | Monastery |
| 24:27 | Investigar | Heavy Plow |
| 25:05 | Construir | University |
| 25:23 | Crear | Monk |
| 25:24 | Crear | Monk |
| 26:03 | Investigar | Gold Mining |
| 26:03 | Investigar | Stone Mining |
| 26:31 | Construir | Mining Camp |
| 26:36 | Investigar | Caravan |
| 26:40 | Crear | Villager (Male) |
| 26:41 | Crear | Villager (Male) |
| 26:41 | Crear | Villager (Male) |
| 26:41 | Crear | Villager (Male) |
| 26:41 | Crear | Villager (Male) |
| 26:42 | Crear | Villager (Male) |
| 26:42 | Crear | Villager (Male) |
| 26:42 | Crear | Villager (Male) |
| 26:42 | Crear | Villager (Male) |
| 26:53 | Investigar | Wheelbarrow |
| 26:54 | Investigar | Town Watch |
| 27:08 | Crear | Villager (Male) |
| 27:31 | Investigar | Gold Shaft Mining |
| 27:31 | Investigar | Stone Shaft Mining |
| 28:36 | Construir | Siege Workshop |
| 28:37 | Construir | Siege Workshop |
| 28:40 | Construir | Siege Workshop |
| 28:44 | Construir | Siege Workshop |
| 28:50 | Investigar | Bow Saw |
| 28:54 | Crear | Villager (Male) |
| 28:55 | Crear | Villager (Male) |
| 28:55 | Crear | Villager (Male) |
| 28:56 | Crear | Villager (Male) |
| 29:53 | Construir | House |
| 29:54 | Construir | House |
| 29:55 | Construir | House |
| 29:56 | Construir | House |
| 29:58 | Construir | House |
| 30:00 | Construir | House |
| 30:02 | Construir | House |
| 30:06 | Construir | House |
| 30:08 | Construir | House |
| 30:09 | Construir | House |
| 30:10 | Construir | House |
| 30:12 | Construir | House |
| 30:14 | Construir | House |
| 30:16 | Construir | House |
| 30:18 | Construir | House |
| 30:19 | Construir | House |
| 30:20 | Construir | House |
| 30:22 | Construir | House |
| 30:23 | Construir | House |
| 30:24 | Construir | House |
| 30:26 | Construir | House |
| 30:27 | Construir | House |
Cronología de la partida
| 8:16 | biotimstein · first_building Barracks |
| 10:55 | RoxFromHell · first_building Barracks |
| 13:13 | luis_14_mota · first_building Barracks |
| 13:21 | RoxFromHell · first_building Archery Range |
| 13:43 | biotimstein · first_building Stable |
| 14:33 | biotimstein · first_building Archery Range |
| 19:26 | luis_14_mota · first_building Archery Range |
| 19:35 | luis_14_mota · first_building Stable |
| 22:00 | biotimstein · first_building Monastery |
| 22:45 | jorgeluis s · first_building Monastery |
| 24:21 | RoxFromHell · first_building Monastery |
| 24:22 | jorgeluis s · first_building Castle |
| 25:05 | biotimstein · first_building Castle |
| 25:46 | luis_14_mota · first_building Siege Workshop |
| 28:36 | RoxFromHell · first_building Siege Workshop |
| 31:05 | RoxFromHell · first_building Castle |
| 31:59 | biotimstein · first_market_buy 100 food |
| 45:23 | biotimstein · resign |
[ ANÁLISIS IA · 1 CRÉDITO ]
¿Qué pasó realmente en esta partida?
Wolo.gg analiza cada decisión: build order, eco, micro, errores típicos por bracket. Análisis personalizado por WhatsApp o Discord en 30 segundos.
Guía civ
Britanos
Perfil
Jugador #12912554